 Dungeon Crawl Stone Soup version 0.29.1-1-gd02db6906a (webtiles) character file.

Game seed: 15449076818770471699

1691 zeram the Shield-Bearer (level 9, -4/73 HPs)
             Began as a Gnoll Fighter on Oct 10, 2022.
             Was an Initiate of Gozag.
             Slain by Duvessa
             ... wielding a +0 short sword
              (11 damage)
             ... on level 6 of the Dungeon.
             The game lasted 00:13:11 (6071 turns).

zeram the Shield-Bearer (Gnoll Fighter)             Turns: 6071, Time: 00:13:12

Health: -4/73      AC: 14    Str: 18    XL:     9   Next: 2%
Magic:  14/14      EV: 10    Int: 13    God:    Gozag
Gold:   328        SH:  5    Dex: 11    Spells: 15/15 levels left

rFire   . . .      SeeInvis .   a - +1 trident
rCold   + . .      Faith    .   c - +0 buckler
rNeg    . . .      Spirit   .   b - +0 scale mail
rPois   +          Reflect  .   j - +1 helmet {Int+3}
rElec   .          Harm     .   d - +0 cloak
rCorr   .          Rampage  .   h - +1 pair of gloves
Will    .....                   (no boots)
Stlth   ..........              (no amulet)
HPRegen 0.22/turn               g - ring of protection from cold
MPRegen 0.14/turn               m - ring of poison resistance

@: lit by a corona, silenced, glowing
A: fangs 1, strong nose, distributed training
a: Renounce Religion


You were on level 6 of the Dungeon.
You worshipped Gozag.
Gozag was aware of your devotion.
You visited 2 branches of the dungeon, and saw 7 of its levels.

You collected 413 gold pieces.
You paid 85 gold pieces to Gozag.

Inventory:

Hand Weapons
 a - a +1 trident (weapon)
Armour
 b - a +0 scale mail (worn)
 c - a +0 buckler (worn)
 d - a +0 cloak (worn)
 h - a +1 pair of gloves (worn)
 j - a +1 helmet of intelligence (worn)
Jewellery
 g - a ring of protection from cold (left hand)
 m - a ring of poison resistance (right hand)
Scrolls
 i - a scroll of identify
 o - a scroll of silence
 p - 2 scrolls of teleportation
 q - a scroll of fog
Potions
 e - 3 potions of degeneration
 f - 2 potions of attraction
 k - a potion of brilliance
 l - 2 potions of mutation


   Skills:
 + Level 7.7 Fighting
 + Level 3.9 Short Blades
 + Level 3.9 Long Blades
 + Level 3.9 Axes
 + Level 3.9 Maces & Flails
 + Level 6.1 Polearms
 + Level 3.9 Staves
 + Level 3.9 Ranged Weapons
 + Level 3.9 Throwing
 + Level 7.7 Armour
 + Level 3.9 Dodging
 + Level 3.9 Stealth
 + Level 7.7 Shields
 + Level 3.9 Unarmed Combat
 + Level 3.9 Spellcasting
 + Level 3.2 Conjurations
 + Level 3.2 Hexes
 + Level 3.2 Summonings
 + Level 3.2 Necromancy
 + Level 3.2 Translocations
 + Level 3.2 Transmutations
 + Level 3.2 Fire Magic
 + Level 3.2 Ice Magic
 + Level 3.2 Air Magic
 + Level 3.2 Earth Magic
 + Level 3.2 Poison Magic
 + Level 4.3 Invocations
 + Level 3.9 Evocations


You had 15 spell levels left.
You didn't know any spells.
Your spell library contained the following spells:

 Spells                   Type           Power      Damage    Failure   Level
 Apportation              Tloc           22%        N/A       19%         1
 Necrotise                Necr           44%        1d6       19%         1
 Summon Small Mammal      Summ           44%        N/A       19%         1
 Sublimation of Blood     Necr           11%        N/A       28%         2
 Wereblood                Tmut           11%        N/A       28%         2
 Dazzling Flash           Conj/Hex       22%        N/A       50%         3
 Agony                    Necr           11%        N/A       99%         5
 Silence                  Hex/Air        5%         N/A       99%         5
 Summon Hydra             Summ           5%         N/A       100%        7


Dungeon Overview and Level Annotations

Branches:
Dungeon (6/15)             Temple (1/1) D:5

Altars:
Ashenzari
Dithmenos
Elyvilon
Gozag
Hepliaklqana
Makhleb
Nemelex Xobeh
Okawaru
Qazlal
Ru
Sif Muna
Trog
Uskayaw
Vehumet
Wu Jian
Zin
The Shining One

Shops:
D:1 :   D:6 =

Annotations:
D:6 1 runed translucent door, Duvessa; LustLizard's ghost, novice DsFi


Innate Abilities, Weirdness & Mutations

You have very sharp teeth.
Your uncanny sense of smell can sniff out nearby items.
Your experience applies equally to all skills.


Message History

Unknown command.
Duvessa hits you with a +0 short sword! Duvessa hits you but does no damage.
Found 15 gold pieces.
Duvessa hits you but does no damage. Duvessa attacks as you move away!
Duvessa hits you but does no damage. Duvessa hits you with a +0 short sword.
You puncture Duvessa!
Duvessa is moderately wounded.
Duvessa hits you but does no damage.
You hit Duvessa.
Duvessa is moderately wounded.
Duvessa hits you with a +0 short sword! Duvessa hits you but does no damage.
Duvessa hits you but does no damage.
You're too confused to move!
You feel less invigorated.
You feel less confused. Duvessa completely misses you.
Duvessa hits you with a +0 short sword!
As you read the scroll of silence, it crumbles to dust.
A profound silence engulfs you. Duvessa closely misses you.
Duvessa hits you with a +0 short sword!
* * * LOW HITPOINT WARNING * * *
You puncture Duvessa!
Duvessa is heavily wounded.
Duvessa hits you with a +0 short sword.
* * * LOW HITPOINT WARNING * * *
You puncture Duvessa!
Duvessa is severely wounded.
Duvessa hits you with a +0 short sword!
* * * LOW HITPOINT WARNING * * *
Duvessa hits you but does no damage.
Unknown command.
Okay, then.
Magic scrolls do not work when you're silenced!
You aren't carrying any items that you can evoke.
You puncture Duvessa!
Duvessa is severely wounded.
Duvessa closely misses you.
You hit Duvessa.
Duvessa is almost dead.
Duvessa hits you with a +0 short sword!
You die...
Your body crumbles into a pile of gold.

#.###..###.#......#
...#...##.........##
......###..........##
#......# #..........###
.......####..........$##
.....####..............#
......##..............#
####..........$.>...##
#....##....#.e@#..#
#..........###.....#
#............?.##.....#
.......##............##
.......##..######....#
.#......#...# ..###
.##.......... ... ...
.....# .... .....#


You could see Duvessa (berserk, fast).

Vanquished Creatures
  Prince Ribbit (D:5)
  A water moccasin (D:5)
  A sky beast (D:6)
  An ice beast (D:6)
  A black bear (D:6)
  An ogre (D:5)
  2 centaurs
  A phantom (D:4)
  A necrophage (D:5)
  3 scorpions
  Dowan (D:6)
  A hound (D:4)
  A jelly (D:4)
  An orc priest (D:5)
  Crazy Yiuf (D:3)
  3 iguanas
  Terence (D:2)
  2 orc wizards (D:5)
  Robin (D:2)
  8 adders
  5 gnolls
  A shadow imp (D:6)
  A white imp (D:6)
  3 worms (D:2)
  5 dart slugs
  7 orcs
  3 bats
  6 endoplasms
  2 giant cockroaches (D:1)
  13 hobgoblins
  5 jackals
  5 kobolds
  4 quokkas
  3 ball pythons
  11 frilled lizards
  11 goblins
  6 rats
124 creatures vanquished.

Notes
Turn   | Place    | Note
-------+----------+-------------------------------------------
     0 | D:1      | zeram the Gnoll Fighter began the quest for the Orb.
     0 | D:1      | Reached XP level 1. HP: 23/23 MP: 1/1
    72 | D:1      | Reached XP level 2. HP: 26/29 MP: 2/2
   141 | D:1      | Found a faded altar of an unknown god.
   255 | D:1      | Reached XP level 3. HP: 35/35 MP: 3/3
   398 | D:1      | Found Moqosekk's Book Emporium.
   470 | D:1      | Reached skill level 1 in Invocations
   864 | D:2      | Reached skill level 1 in Short Blades
   864 | D:2      | Reached skill level 1 in Long Blades
   864 | D:2      | Reached skill level 1 in Axes
   864 | D:2      | Reached skill level 1 in Maces & Flails
   864 | D:2      | Reached skill level 1 in Staves
   864 | D:2      | Reached skill level 1 in Ranged Weapons
   864 | D:2      | Reached skill level 1 in Throwing
   864 | D:2      | Reached skill level 1 in Dodging
   864 | D:2      | Reached skill level 1 in Stealth
   864 | D:2      | Reached skill level 1 in Unarmed Combat
   864 | D:2      | Reached skill level 1 in Spellcasting
   864 | D:2      | Reached skill level 1 in Evocations
  1025 | D:2      | Reached XP level 4. HP: 41/41 MP: 5/5
  1066 | D:2      | Reached skill level 1 in Conjurations
  1066 | D:2      | Reached skill level 1 in Hexes
  1066 | D:2      | Reached skill level 1 in Summonings
  1066 | D:2      | Reached skill level 1 in Necromancy
  1066 | D:2      | Reached skill level 1 in Translocations
  1066 | D:2      | Reached skill level 1 in Transmutations
  1066 | D:2      | Reached skill level 1 in Fire Magic
  1066 | D:2      | Reached skill level 1 in Ice Magic
  1066 | D:2      | Reached skill level 1 in Air Magic
  1066 | D:2      | Reached skill level 1 in Earth Magic
  1066 | D:2      | Reached skill level 1 in Poison Magic
  1364 | D:2      | Noticed Robin
  1381 | D:2      | Killed Robin
  1486 | D:2      | Reached XP level 5. HP: 41/47 MP: 7/7
  2025 | D:3      | Noticed Terence
  2034 | D:2      | Killed Terence
  2171 | D:3      | Found a runed translucent door.
  2172 | D:3      | Noticed Crazy Yiuf
  2705 | D:3      | Killed Crazy Yiuf
  2864 | D:4      | Found a shimmering blue altar of Sif Muna.
  2887 | D:4      | Reached skill level 5 in Polearms
  2887 | D:4      | Reached XP level 6. HP: 48/53 MP: 7/9
  2950 | D:4      | Found a broken altar of Ashenzari.
  3373 | D:4      | Reached XP level 7. HP: 60/60 MP: 10/10
  3622 | D:4      | Found an ornate altar of the Wu Jian Council.
  3702 | D:5      | Entered Level 5 of the Dungeon
  3882 | D:5      | HP: 3/60 [water moccasin (7)]
  4215 | D:5      | Noticed Prince Ribbit
  4279 | D:5      | Reached XP level 8. HP: 11/67 MP: 12/12
  4413 | D:5      | Killed Prince Ribbit
  4750 | D:5      | Found a staircase to the Ecumenical Temple.
  4804 | Temple   | Entered the Ecumenical Temple
  5263 | Temple   | Became a worshipper of Gozag Ym Sagoz the Greedy
  5317 | D:5      | Found a sparkling altar of Nemelex Xobeh.
  5624 | D:6      | Found Penecs's Jewellery Boutique.
  5624 | D:6      | Found a runed translucent door.
  5637 | D:6      | Noticed LustLizard's ghost (novice DsFi)
  6039 | D:6      | Noticed Dowan
  6041 | D:6      | Noticed Duvessa
  6051 | D:6      | Killed Dowan
  6052 | D:6      | Reached XP level 9. HP: 59/73 MP: 14/14
  6071 | D:6      | Slain by Duvessa

Illustrated notes

Levels and vault maps discovered:
D:1:      shiori_arrival_oz, layout_loops_ring, serial_shops,
          nicolae_shop_advertising_works [nicolae_subvault_shop_adworks],
          shapermc_ecumenical_altar_pompeii, dreamdust_mushroom_princess,
          minivault_14, minmay_lizard_pond
D:2:      layout_basic, minmay_between, uniq_robin
D:3:      layout_basic, uniq_terence, uniq_crazy_yiuf_cottage
D:4:      layout_basic, nicolae_wu_jian_glorious_leap,
          cheibrodos_ashenzari_chains, mainiacjoe_overflow_paths
D:5:      layout_rooms, general_overflow_altar, minmay_temple_entry_statues,
          serial_glass, glass_columns_b, glass_columns_a, glass_columns_a,
          glass_columns_c, glass_columns_b, glass_columns_a, feat_on_display,
          uniq_prince_ribbit1
D:6:      layout_cave_pools, ebering_ghost_sewer_d, serial_shops,
          nicolae_shop_trees, uniq_duvessa
Temple:   oiseaux_autumnal_temple

Skill      XL: |  1  2  3  4  5  6  7  8 |
---------------+-------------------------+-----
Invocations    | 1 2 3 4 |  4.3
Short Blades   | 1 2 3 |  3.9
Long Blades    | 1 2 3 |  3.9
Axes           | 1 2 3 |  3.9
Maces & Flails | 1 2 3 |  3.9
Staves         | 1 2 3 |  3.9
Ranged Weapons | 1 2 3 |  3.9
Throwing       | 1 2 3 |  3.9
Dodging        | 1 2 3 |  3.9
Stealth        | 1 2 3 |  3.9
Unarmed Combat | 1 2 3 |  3.9
Spellcasting   | 1 2 3 |  3.9
Evocations     | 1 2 3 |  3.9
Conjurations   | 1 2 3 |  3.2
Hexes          | 1 2 3 |  3.2
Summonings     | 1 2 3 |  3.2
Necromancy     | 1 2 3 |  3.2
Translocations | 1 2 3 |  3.2
Transmutations | 1 2 3 |  3.2
Fire Magic     | 1 2 3 |  3.2
Ice Magic      | 1 2 3 |  3.2
Air Magic      | 1 2 3 |  3.2
Earth Magic    | 1 2 3 |  3.2
Poison Magic   | 1 2 3 |  3.2
Polearms       | 5 6 |  6.1
Fighting       | 7 |  7.7
Armour         | 7 |  7.7
Shields        | 7 |  7.7

Action                   |  1- 3 |  4- 6 |  7- 9 || total
-------------------------+-------+-------+-------++-------
Melee: Trident           |   118 |   190 |   234 ||   542
       Bite              |     6 |    18 |    26 ||    50
  Use: Scroll            |     1 |    13 |     4 ||    18
       Potion            |       |     1 |     8 ||     9
Armor: Scale mail        |    39 |    76 |   124 ||   239
Dodge: Dodged            |    35 |    75 |    90 ||   200
Block: Buckler           |    19 |    65 |    46 ||   130
